 Dungeon Crawl Stone Soup version 0.30-a0-1094-g860fb061e7 (webtiles) character file.

Game seed: 4646726500256988059

67 yokelz the Ruffian (level 4, -15/42 HPs)
             Began as a Troll Hedge Wizard on Apr 17, 2023.
             Killed by an exploding Terence (32 damage)
             ... ignited by their inner flame
             ... on level 3 of the Dungeon.
             The game lasted 00:02:38 (1284 turns).

yokelz the Ruffian (Troll Hedge Wizard)             Turns: 1284, Time: 00:02:39

Health: -15/42     AC:  4    Str: 18    XL:     4   Next: 0%
Magic:  6/6        EV:  9    Int: 12    God:
Gold:   136        SH:  0    Dex:  9    Spells: 6/7 levels left

rFire   . . .      SeeInvis .      - Unarmed
rCold   . . .      Faith    .    (no shield)
rNeg    . . .      Spirit   .    b - +0 robe
rPois   .          Reflect  .    c - +0 hat
rElec   .          Rampage  .    (no cloak)
rCorr   .                        (gloves unavailable)
Will    .....                    (boots unavailable)
Stlth   +                        (no amulet)
HPRegen 1.07/turn                (no ring)
MPRegen 0.10/turn                (no ring)

@: no status effects
A: large, unfitting armour, claws 3, regeneration 1, shaggy fur 1, tough skin 1,
talons 1, robust 1, evolution 1
a: no special abilities


You were on level 3 of the Dungeon.
You visited 1 branch of the dungeon, and saw 3 of its levels.

You collected 136 gold pieces.

Inventory:

Hand Weapons
 a - a +0 dagger
Missiles
 f - 16 stones
Armour
 b - a +0 robe (worn)
 c - a +0 hat (worn)
Magical Staves
 o - a staff of conjuration
Jewellery
 m - a ring of wizardry
Scrolls
 h - 4 scrolls of identify {unknown}
 j - 2 scrolls of teleportation {unknown}
 n - a scroll of noise {unknown}
 p - a scroll of enchant weapon {unknown}
Potions
 d - 2 potions of magic
 e - a potion of mutation
 g - a potion of curing
 i - a potion of attraction {unknown}
 k - a potion of resistance {unknown}
 l - a potion of ambrosia {unknown}
 r - a potion of haste {unknown}


   Skills:
 - Level 1.5 Dodging
 - Level 1.0 Stealth
 + Level 3.6 Unarmed Combat
 - Level 2.0 Spellcasting
 - Level 0.6 Conjurations
 - Level 0.6 Summonings
 - Level 0.6 Translocations


You had 6 spell levels left.
You knew the following spells:

 Your Spells              Type           Power      Damage    Failure   Level
a - Magic Dart            Conj           8%         1d3       22%         1

Your spell library contained the following spells:

 Spells                   Type           Power      Damage    Failure   Level
 Slow                     Hex            4%         N/A       26%         1
 Blink                    Tloc           4%         N/A       32%         2
 Call Imp                 Summ           4%         N/A       32%         2
 Cigotuvi's Dreadful Rot  Necr/Pois/Air  2%         N/A       38%         2
 Mephitic Cloud           Conj/Pois/Air  1%         N/A       58%         3


Dungeon Overview and Level Annotations

Branches:
Dungeon (3/15)

Altars:


Innate Abilities, Weirdness & Mutations

You are too large for most types of armour.
You have claws for hands.
Your natural rate of healing is unusually fast.
You are covered in fur. (AC +1)
You have tough skin. (AC +1)
You have sharp toenails.
You are robust. (+10% HP)
You have hidden genetic potential.


Message History

Terence is lightly wounded.
It was a potion of mutation.
You feel extremely strange.
You feel robust.
You feel a hidden potential growing inside you.
Your toenails lengthen and sharpen.
Terence says, "Don't bother to defend, it's senseless."
Terence hits you but does no damage.
It was a potion of curing.
You feel better. Terence hits you with a +0 mace!
* * * LOW HITPOINT WARNING * * *
Casting: Magic Dart (safe; 22% risk of failure)
Confirm with . or Enter, or press ? or * to list all spells.
Okay, then.
As you read the scroll labelled VOFOAS VAXUHYFU, it crumbles to dust.
The creatures around you are filled with an inner flame!
It was a scroll of immolation.
Terence hits you but does no damage. Terence attacks as you move away!
Terence hits you with a +0 mace.
* * * LOW HITPOINT WARNING * * *
Terence attacks as you move away! Terence hits you with a +0 mace!
* * * LOW HITPOINT WARNING * * *
Terence attacks as you move away! Terence barely misses you.
A quokka comes into view.
Terence attacks as you move away! Terence barely misses you.
The quokka bites you but does no damage.
Terence attacks as you move away! Terence hits you with a +0 mace.
The quokka bites you but does no damage.
The quokka bites you but does no damage.
The quokka bites you.
You closely miss Terence. Your kick misses Terence.
Terence is lightly wounded.
Terence hits you with a +0 mace. The quokka bites you.
You scratch Terence.
Flame seeps out of Terence.
You claw Terence, but do no damage.
Terence is heavily wounded.
Terence is engulfed in blazing flames.
Terence explodes!
The fiery explosion engulfs the quokka!
You kill the quokka!
The fiery explosion engulfs you!!
Ouch! That really hurt!
You die...

####.######
#.........#
#.........#
#.........#
#.........# .
#.........#######..
#........§§§.......
#........§○§...##..
#########§.@.......
#..........
#..[.....).
#..........
#..........
######..... .....
.....


There were no monsters in sight!

Vanquished Creatures
  Terence (D:3)
  2 adders (D:2)
  4 dart slugs
  4 ball pythons
  6 endoplasms
  3 giant cockroaches
  2 goblins (D:1)
  4 hobgoblins (D:1)
  3 kobolds
  4 quokkas
  4 frilled lizards
  4 rats (D:2)
41 creatures vanquished.

Notes
Turn   | Place    | Note
-------+----------+-------------------------------------------
     0 | D:1      | yokelz the Troll Hedge Wizard began the quest for the Orb.
     0 | D:1      | Reached XP level 1. HP: 16/16 MP: 2/2
    63 | D:1      | Reached skill level 1 in Unarmed Combat
    80 | D:1      | Reached XP level 2. HP: 24/24 MP: 4/4
   127 | D:1      | Reached skill level 2 in Unarmed Combat
   591 | D:1      | Found a faded altar of an unknown god.
   737 | D:2      | Reached XP level 3. HP: 31/31 MP: 5/5
   776 | D:2      | Reached skill level 3 in Unarmed Combat
  1187 | D:2      | Reached XP level 4. HP: 39/39 MP: 6/6
  1240 | D:3      | Noticed Terence
  1261 | D:3      | Gained mutation: You are robust. (+10% HP) [potion of
                  | mutation]
  1261 | D:3      | Gained mutation: You have hidden genetic potential. [potion
                  | of mutation]
  1261 | D:3      | Gained mutation: You have sharp toenails. [potion of
                  | mutation]
  1284 | D:3      | Killed Terence
  1284 | D:3      | Killed by an exploding Terence... ignited by their inner
                  | flame

Illustrated notes

Levels and vault maps discovered:
D:1:      doesnt_arrival_eight_statues, layout_loops_ring,
          ebering_ecumenical_altar_rust
D:2:      layout_rooms
D:3:      layout_basic, uniq_terence, uniq_crazy_yiuf_cottage, uniq_robin

Skill      XL: |  1  2  3 |
---------------+----------+-----
Unarmed Combat | 1 2 3 |  3.6
Dodging        | |  1.5
Stealth        | |  1.0
Spellcasting   | |  2.0
Conjurations   | |  0.6
Summonings     | |  0.6
Translocations | |  0.6

Action                     |  1- 3 |  4- 6 || total
---------------------------+-------+-------++-------
  Melee: Unarmed           |    91 |    21 ||   112
         Punch             |     2 |     2 ||     4
         Kick              |       |     1 ||     1
    Use: Potion            |       |     2 ||     2
         Scroll            |       |     1 ||     1
   Stab: Sleeping          |     1 |       ||     1
 Armour: Robe              |    24 |     7 ||    31
  Dodge: Dodged            |    41 |     8 ||    49

Table legend: (Time is in decaauts)
 A = Elapsed time spent in this place.
 B = Non-inter-level travel time spent in this place.
 C = Inter-level travel time spent in this place.
 D = Time resting spent in this place.
 E = Time spent auto-exploring this place.
 F = Levels seen in this place.
 G = Mean time per level.
                   A        B        C        D        E       F      G
               +--------+--------+--------+--------+--------+-----+--------+
         Total |   1278 |   1229 |     49 |      0 |    929 |   3 |  426.0 |
       Dungeon |   1278 |   1229 |     49 |      0 |    929 |   3 |  426.0 |
               +--------+--------+--------+--------+--------+-----+--------+

Top non-repeatable levels by time:
     D:1: 725 daAuts
     D:2: 488 daAuts
     D:3: 64 daAuts
